 Dungeon Crawl Stone Soup version 0.28-a0-769-g550dbda0cd (webtiles) character file.

Game seed: 8844248760373575503

29 pokeman the Magician (level 3, 0/20 HPs)
             Began as a Deep Elf Hedge Wizard on Oct 31, 2021.
             Slain by a shadow imp (1 damage)
             ... summoned by Natasha
             ... on level 2 of the Dungeon.
             The game lasted 00:02:45 (1565 turns).

pokeman the Magician (Deep Elf Hedge Wizard)        Turns: 1565, Time: 00:02:45

Health: 0/20       AC:  2    Str:  7    XL:     3   Next: 1%
Magic:  0/11       EV: 12    Int: 19    God:
Gold:   24         SH:  0    Dex: 14    Spells: 1/12 levels left

rFire   . . .      SeeInvis .   a - +0 dagger
rCold   . . .      Faith    .   (no shield)
rNeg    . . .      Spirit   .   b - +0 robe
rPois   .          Reflect  .   c - +0 hat
rElec   .          Harm     .   (no cloak)
rCorr   .          Rampage  .   (no gloves)
Will    .....                   (no boots)
Stlth   ++........              (no amulet)
HPRegen 0.06/turn               (no ring)
MPRegen 0.12/turn               (no ring)

@: very slightly contaminated, slowed, very slow
A: no striking features
a: no special abilities


You were on level 2 of the Dungeon.
You visited 1 branch of the dungeon, and saw 2 of its levels.

You collected 24 gold pieces.

Inventory:

Hand Weapons
 a - a +0 dagger (weapon)
Missiles
 i - 5 curare-tipped darts
Armour
 b - a +0 robe (worn)
 c - a +0 hat (worn)
Scrolls
 f - a scroll of magic mapping {unknown}
 h - a scroll of teleportation {unknown}
 j - a scroll of amnesia {unknown}
Potions
 d - 3 potions of curing {unknown}
 e - 2 potions of invisibility {unknown}
 g - a potion of might {unknown}


   Skills:
 + Level 0.7 Fighting
 + Level 0.7 Armour
 - Level 2.4 Dodging
 - Level 2.4 Stealth
 * Level 5.1 Spellcasting
 + Level 1.7 Conjurations
 - Level 1.1 Summonings
 - Level 1.1 Translocations


You had one spell level left.
You knew the following spells:

 Your Spells              Type           Power      Damage    Failure   Level
a - Magic Dart            Conj           44%        1d5       6%          1
b - Mephitic Cloud        Conj/Pois/Air  7%         N/A       28%         3
c - Call Imp              Summ           9%         N/A       12%         2
d - Blink                 Tloc           18%        N/A       12%         2
e - Conjure Flame         Conj/Fire      8%         6-21      26%         3

Your spell library contained the following spells:

 Spells                   Type           Power      Damage    Failure   Level
 Slow                     Hex            16%        N/A       12%         1
 Scorch                   Fire           8%         2d5       19%         2
 Flame Wave               Conj/Fire      8%         3d4       65%         4
 Summon Cactus Giant      Summ           4%         N/A       100%        6


Dungeon Overview and Level Annotations

Branches:
Dungeon (2/15)

Altars:

Shops:
D:1 :

Annotations:
D:2 Natasha


Message History

Your crimson imp closely misses Natasha.
Your crimson imp blinks!
Natasha claws your crimson imp!
Your crimson imp closely misses Natasha.
Natasha closely misses your crimson imp.
Your crimson imp hits Natasha but does no damage.
Natasha claws your crimson imp!
Your crimson imp dies!
Your crimson imp disappears in a puff of smoke!
The crimson imp blinks!
Natasha mumbles some strange words.
The crimson imp blinks!
You miss the crimson imp. The crimson imp hits you.
* * * LOW HITPOINT WARNING * * *
You hit the crimson imp but do no damage.
Natasha casts a spell at you.
You feel yourself slow down. The crimson imp closely misses you.
The crimson imp hits you but does no damage.
The crimson imp misses you.
Natasha mumbles some strange words.
Casting: Call Imp (safe; 12% risk of failure)
Confirm with . or Enter, or press ? or * to list all spells.
A beastly little devil appears in a puff of frigid air.
The crimson imp blinks!
Natasha claws you.
* * * LOW HITPOINT WARNING * * *
The crimson imp blinks!
Unknown command.
Natasha closely misses you.
Unknown command.
You swap places.
The crimson imp disappears in a puff of smoke!
Your white imp hits Natasha but does no damage.
Natasha mumbles some strange words.
Your white imp misses Natasha.
Unknown command.
The shadow imp shouts, "Run away, thou dandy beef-witted pissant!"
Your white imp closely misses Natasha.
Natasha claws you.
* * * LOW HITPOINT WARNING * * *
The shadow imp hits you.
You die...

..... ..##<# #.#.#
#.##.### #.#.#
#.##..⌠## ## #.#.#
#.##..†.# .. #.#.#
#.##._..# #.
#.#.####.##.##.##.<
#.##.#......5§........
#.#.......#5h#†#####.#
#§........5.5@.........
###.########.########
.. #.# ...# . #.# #####
#.# #.# ... #.#


You could see Natasha (ally target), 3 shadow imps and a friendly white imp
(summoned).

Vanquished Creatures
  5 endoplasms (D:1)
  3 giant cockroaches (D:1)
  2 goblins (D:1)
  2 hobgoblins (D:1)
  A quokka (D:1)
  4 ball pythons (D:1)
  2 bats
  2 frilled lizards
  3 kobolds (D:1)
  3 rats
27 creatures vanquished.

Notes
Turn   | Place    | Note
-------+----------+-------------------------------------------
     0 | D:1      | pokeman the Deep Elf Hedge Wizard began the quest for the
                  | Orb.
     0 | D:1      | Reached XP level 1. HP: 10/10 MP: 7/7
   157 | D:1      | Found Weuqen's Book Shoppe.
   237 | D:1      | Reached XP level 2. HP: 15/15 MP: 5/9
   760 | D:1      | Reached skill level 5 in Spellcasting
  1495 | D:2      | Found a faded altar of an unknown god.
  1497 | D:2      | Reached XP level 3. HP: 20/20 MP: 9/11
  1501 | D:2      | Learned a level 3 spell: Mephitic Cloud
  1504 | D:2      | Learned a level 2 spell: Call Imp
  1507 | D:2      | Learned a level 2 spell: Blink
  1511 | D:2      | Learned a level 3 spell: Conjure Flame
  1545 | D:2      | Noticed Natasha
  1565 | D:2      | HP: 1/20 [Natasha (3)]
  1565 | D:2      | Slain by a shadow imp

Illustrated notes

Levels and vault maps discovered:
D:1:      psy_arrival_wood_between_worlds, layout_basic, serial_shops,
          nicolae_shop_temple_entry_statues_fountains
D:2:      layout_loops_ring, ebering_ecumenical_altar_abandoned, basic_altar,
          uniq_natasha

Skill      XL: |  1  2 |
---------------+-------+-----
Spellcasting   | 5 |  5.1
Fighting       | |  0.7
Armour         | |  0.7
Dodging        | |  2.4
Stealth        | |  2.4
Conjurations   | |  1.7
Summonings     | |  1.1
Translocations | |  1.1

Action                   || total
-------------------------++-------
Melee: Dagger            ||     3
 Cast: Magic Dart        ||    63
       Call Imp          ||     2
Armor: Robe              ||     2
Dodge: Dodged            ||    12

Table legend: (Time is in decaauts)
 A = Elapsed time spent in this place.
 B = Non-inter-level travel time spent in this place.
 C = Inter-level travel time spent in this place.
 D = Time resting spent in this place.
 E = Time spent auto-exploring this place.
 F = Levels seen in this place.
 G = Mean time per level.
                   A        B        C        D        E       F      G
               +--------+--------+--------+--------+--------+-----+--------+
         Total |   1568 |   1503 |     65 |    105 |   1235 |   2 |  784.0 |
       Dungeon |   1568 |   1503 |     65 |    105 |   1235 |   2 |  784.0 |
               +--------+--------+--------+--------+--------+-----+--------+

Top non-repeatable levels by time:
     D:1: 1490 daAuts
     D:2: 78 daAuts
